 Dungeon Crawl Stone Soup version 0.30.0-10-gfe55d96785 (webtiles) character file.

Game seed: 69543030420182872

109 Kranky the Poker (level 4, -2/39 HPs)
             Began as a Minotaur Gladiator on May 13, 2023.
             Succumbed to a scorpion's poison
             ... on level 3 of the Dungeon.
             The game lasted 00:04:22 (2118 turns).

Kranky the Poker (Minotaur Gladiator)               Turns: 2118, Time: 00:04:23

Health: -2/39      AC:  7    Str: 20    XL:     4   Next: 59%
Magic:  3/3        EV: 12    Int:  5    God:
Gold:   95         SH:  3    Dex: 12    Spells: 3/3 levels left

rFire   . . .        a - +0 trident
rCold   . . .        n - +0 buckler
rNeg    . . .        A - +0 steam dragon scales
rPois   .            c - +0 hat
rElec   .            (no cloak)
rCorr   .            (no gloves)
SInv    .            s - +1 pair of boots
Will    +....        u - amulet of magic regeneration
Stlth   +            o - ring of willpower
HPRegen 0.26/turn    (no ring)
MPRegen 0.48/turn

%: no passive effects
@: lethally poisoned (-2 -> -10)
A: horns 2, retaliatory headbutt
a: no special abilities


You were on level 3 of the Dungeon.
You visited 1 branch of the dungeon, and saw 4 of its levels.

You collected 95 gold pieces.

Inventory:

Hand Weapons
 a - a +0 trident (weapon)
Missiles
 d - 3 throwing nets (quivered)
 e - a javelin
 k - 4 silver javelins
Armour
 b - a +0 leather armour
 c - a +0 hat (worn)
 n - a +0 buckler (worn)
 s - a +1 pair of boots (worn)
 A - +0 steam dragon scales (worn)
Jewellery
 o - a ring of willpower (left hand)
 u - an amulet of magic regeneration (around neck)
 y - a ring of fire
Wands
 w - a wand of polymorph (6)
Scrolls
 g - 2 scrolls of fog {unknown}
 h - a scroll of enchant weapon {unknown}
 i - 5 scrolls of identify {unknown}
 m - a scroll of teleportation {unknown}
 t - a scroll of amnesia {unknown}
 x - a scroll of poison {unknown}
Potions
 f - a potion of heal wounds {unknown}
 j - 4 potions of attraction {unknown}
 l - 2 potions of lignification {unknown}
 p - a potion of mutation {unknown}
 q - 2 potions of curing {unknown}
 r - 2 potions of invisibility {unknown}
 v - 2 potions of flight {unknown}
 z - a potion of haste {unknown}


   Skills:
 + Level 3.6 Fighting
 + Level 4.6 Polearms
 - Level 2.0 Throwing
 + Level 2.2 Armour
 + Level 4.1 Dodging


You had 3 spell levels left.
You didn't know any spells.
Your spell library contained the following spells:

 Spells                   Type           Power      Damage    Failure   Level
 Beastly Appendage        Tmut           0%         N/A       56%         1
 Blink                    Tloc           0%         N/A       71%         2
 Wereblood                Tmut           0%         N/A       71%         2
 Spider Form              Tmut/Pois      0%         N/A       90%         3
 Manifold Assault         Tloc           0%         N/A       100%        4
 Storm Form               Tmut/Air       0%         N/A       100%        7


Dungeon Overview and Level Annotations

Branches:
Dungeon (4/15)
 Temple: D:4-7

Altars:


Innate Abilities, Weirdness & Mutations

You have a pair of horns on your head.
You reflexively headbutt those who attack you in melee.


Message History

Unknown command.
You barely miss the scorpion.
The scorpion is severely wounded.
You feel sick. The scorpion stings you.
You are more poisoned.
The scorpion poisons you! The scorpion stings you.
You are more poisoned.
The scorpion poisons you!
You barely miss the scorpion.
The scorpion is severely wounded.
You feel very sick. The scorpion stings you.
You are lethally poisoned!
The scorpion poisons you!
You hit the scorpion but do no damage. You headbutt the scorpion.
The scorpion is almost dead.
You feel very sick. You block the scorpion's attack. The scorpion misses you.
Unknown command.
You are too injured to fight recklessly!
Unknown command.
You are too injured to fight recklessly!
You are too injured to fight recklessly!
Unknown command.
* * * LOW HITPOINT WARNING * * *
You feel very sick. The scorpion stings you.
* * * LOW HITPOINT WARNING * * *
You climb upwards.
* * * LOW HITPOINT WARNING * * *
You feel very sick.
There is a stone staircase leading down here.
You hit the scorpion but do no damage.
The scorpion is almost dead.
* * * LOW HITPOINT WARNING * * *
You feel sick.
The scorpion stings you but does no damage.
You puncture the scorpion!
You kill the scorpion!
You die...

#..................###.#.
#.............#..........
#........................
#.............#....####.#
#..................# #..
#..........#####...######
#..........# #.........
#..........#####.........
##.....†@................
#......###.#.##.........
#......#...#.##.........
#......#.###.#...#.....#
#......#...#.#...#.....#
##########.#.#...#.....#
#..................[#
#.........#..........
#.........#..........


There were no monsters in sight!

Vanquished Creatures
  A scorpion (D:3)
  5 gnolls
  An adder (D:2)
  2 dart slugs (D:1)
  2 ball pythons
  8 endoplasms
  2 giant cockroaches (D:1)
  4 goblins
  4 hobgoblins
  3 kobolds (D:2)
  6 bats
  7 frilled lizards
  5 rats
50 creatures vanquished.

Notes
Turn   | Place    | Note
-------+----------+-------------------------------------------
     0 | D:1      | Kranky the Minotaur Gladiator began the quest for the Orb.
     0 | D:1      | Reached XP level 1. HP: 18/18 MP: 0/0
    21 | D:1      | Found a faded altar of an unknown god.
   145 | D:1      | Reached XP level 2. HP: 25/25 MP: 1/1
   199 | D:1      | Reached skill level 1 in Armour
   786 | D:2      | Reached XP level 3. HP: 31/31 MP: 2/2
  1800 | D:3      | Reached XP level 4. HP: 31/38 MP: 3/3
  2045 | D:4      | Noticed a scorpion
  2117 | D:3      | HP: 1/39 [poisoned by a scorpion]
  2118 | D:3      | Killed a scorpion
  2118 | D:3      | Succumbed to a scorpion's poison

Illustrated notes

Levels and vault maps discovered:
D:1:      dpeg_arrival_shelter, layout_basic, hellmonk_ecumenical_altar_lost_god
D:2:      layout_rooms, chequers_serial_rivers_micro_e
D:3:      layout_basic
D:4:      layout_basic, serial_rivers, chequers_serial_rivers_small_b,
          chequers_serial_rivers_micro_d, chequers_serial_rivers_room_a,
          chequers_serial_rivers_small_a, chequers_serial_rivers_room_a,
          chequers_serial_rivers_micro_b, chequers_serial_rivers_small_b,
          chequers_serial_rivers_small_a, minmay_distorted

Skill      XL: |  1  2  3  4 |
---------------+-------------+-----
Armour         | 1 2 |  2.2
Polearms       | 4 |  4.6
Fighting       | 3 |  3.6
Dodging        | 4 |  4.1
Throwing       | |  2.0

Action                     |  1- 3 |  4- 6 || total
---------------------------+-------+-------++-------
  Melee: Trident           |   103 |    24 ||   127
         Headbutt          |     6 |     2 ||     8
         Punch             |     1 |       ||     1
 Armour: Leather armour    |    17 |     1 ||    18
         Steam dragon scal |       |     4 ||     4
  Dodge: Dodged            |    42 |    13 ||    55
  Block: Buckler           |     6 |     2 ||     8
